 Dungeon Crawl Stone Soup version 0.18.1-48-g4cf74bf (webtiles) character file.

52950 Krapule the Blocker (level 14, -30/130 HPs)
             Began as a Minotaur Fighter on Sept 11, 2016.
             Was the Champion of Cheibriados.
             Engulfed by a cloud of freezing vapour (40 damage)
             ... in an ice cave.
             The game lasted 01:12:08 (21105 turns).

Krapule the Blocker (Minotaur Fighter)             Turns: 21105, Time: 01:12:09

Health: -30/130    AC: 26    Str: 38    XL:     14   Next: 29%
Magic:  21/21      EV: 10    Int: 24    God:    Cheibriados [******]
Gold:   1936       SH: 17    Dex: 24    Spells: 0 memorised, 22 levels left

rFire  + + +     SeeInvis +     d - +2 long sword (flame)
rCold  . . .     Gourm    .     v - +0 plate armour {rF+}
rNeg   + . .     Faith    .     c - +1 shield
rPois  .         Spirit   .     (helmet restricted)
rElec  .         Dismiss  .     x - +2 cloak
rCorr  .         Reflect  .     U - +1 pair of gloves {rF+}
SustAt .         Harm     .     V - +2 pair of boots {rF+}
MR     +....                    (no amulet)
Stlth  ..........               W - ring of see invisible
                                k - ring of positive energy

@: very slow, somewhat resistant to hostile enchantments, extremely unstealthy
A: retaliatory headbutt, horns 2, mutation resistance 1
a: Bend Time, Temporal Distortion, Slouch, Step From Time, Renounce Religion


You were in an ice cave.
You worshipped Cheibriados.
Cheibriados was exalted by your worship.
You were very hungry.

You visited 3 branches of the dungeon, and saw 20 of its levels.
You also visited: Ice Cave and Volcano.

You collected 2146 gold pieces.
You spent 210 gold pieces at shops.

Inventory:

Hand Weapons
 d - a +2 long sword of flaming (weapon)
 N - a +0 vampiric long sword
Armour
 c - a +1 shield (worn)
 o - a +0 cloak of cold resistance
 p - a +1 pair of gloves of cold resistance
 v - a +0 plate armour of fire resistance (worn)
 x - a +2 cloak (worn)
 U - a +1 pair of gloves of fire resistance (worn)
 V - a +2 pair of boots of fire resistance (worn)
Rods
 M - a +1 rod of shadows (10/10)
   (You found it on level 9 of the Dungeon)
Jewellery
 g - an uncursed ring of flight
 k - a ring of positive energy (left hand)
 E - an uncursed ring of sustain attributes
 W - a ring of see invisible (right hand)
Wands
 a - a wand of acid (12/15)
 l - a wand of flame (33/48)
Scrolls
 b - 2 scrolls of summoning
 r - 2 scrolls of fear
 s - 5 scrolls of teleportation
 z - 3 scrolls of magic mapping
 A - a scroll of silence {unknown}
 H - 3 scrolls of enchant weapon {unknown}
 K - 3 scrolls of remove curse
 L - 2 scrolls of vulnerability {unknown}
 R - a scroll of holy word {unknown}
 S - a scroll of blinking {unknown}
Potions
 e - 5 potions of lignification
 h - 4 potions of agility
 i - a potion of heal wounds
 j - 3 potions of mutation
 n - 8 potions of curing
 t - 3 potions of resistance
 u - 2 potions of ambrosia
 w - a potion of cancellation
 B - 4 potions of brilliance
 C - a potion of flight
 F - 2 potions of invisibility
 G - 2 potions of magic
 J - 3 potions of might
Comestibles
 f - 9 bread rations
 m - 3 fruits


   Skills:
 + Level 13.9 Fighting
 - Level 10.0 Long Blades
 + Level 13.7 Armour
 - Level 2.0 Dodging
 + Level 14.1 Shields
 + Level 4.6 Spellcasting
 + Level 11.2 Invocations


You had 22 spell levels left.
You didn't know any spells.

Dungeon Overview and Level Annotations

Branches:
Dungeon (13/15)            Temple (0/1) D:6            Lair (5/8) D:10
  Swamp (0/4) Lair:5          Orc (2/2) D:12            Elf (0/3) Orc:2
  Snake: Lair:3-6    Spider: Lair:3-6    Vaults: D:13-14

Altars:
Ashenzari
Cheibriados
Dithmenos
Elyvilon
Kikubaaqudgha
Makhleb
Okawaru
Pakellas
Qazlal
Ru
Trog
Beogh

Shops:
D:10 [?(   Orc:2 (:(*[

Annotations:
D:13 Snorg


Innate Abilities, Weirdness & Mutations

You reflexively headbutt those who attack you in melee.
You have a pair of horns on your head.
You are somewhat resistant to further mutation.


Message History

You are engulfed in freezing vapours.
You block the ice devil's attack.
You hit the ice devil. You burn the ice devil.
You headbutt the ice devil, but do no damage.
The ice devil is lightly wounded.
You are engulfed in freezing vapours.
The ice devil hits you but does no damage.
The ice devil hits you! The ice devil freezes you!
You hit the ice devil. You burn the ice devil. You headbutt the ice devil.
The ice devil is heavily wounded.
You block the ice devil's attack.
You closely miss the ice devil. You headbutt the ice devil!!
You kill the ice devil!
Cheibriados appreciates the change of pace.
You start resting.
You are engulfed in freezing vapours.
You are engulfed in freezing vapours.
You are engulfed in freezing vapours.
* * * LOW HITPOINT WARNING * * *
You are engulfed in freezing vapours.
You die...

##..§§§§§§.###
.##.§####§§§...##
..§§§§§§#.....§.##
#...§§§##.§§..§.##
# #.§§§§§##..§§§..#
#
...§.#§§§....§.§.##
# ### #§§###§§§§§##
# #§§§..#..### #
#§@§..#### ##
#.§§§§.### .#
#..§.§### .# ###.##
## ... # ##%= ##


There were no monsters in sight!

Vanquished Creatures
  2 orc warlords (Orc:2)
  The ghost of appiemonkey the Blocker, a journeyman MiFi of the Shining One (Orc:2)
  A hydra (Lair:4)
  3 orc high priests (Orc:2)
  2 death yaks (Lair:4)
  3 hill giants
  A wolf spider zombie (D:12)
  9 orc knights
  4 ugly things
  9 orc sorcerers
  3 cyclopes
  6 elephants (Lair:4)
  2 ice statues (IceCv)
  2 black mambas
  Joseph (D:7)
  3 spiny frogs
  A komodo dragon (Lair:2)
  5 ice devils (IceCv)
  6 trolls
  8 blink frogs
  3 polar bears
  3 wraiths
  A wyvern (D:9)
  A spriggan (Lair:3)
  A basilisk (Lair:2)
  34 yaks
  2 hungry ghosts
  Grum (D:10)
  5 hippogriffs
  3 wargs
  2 vampire mosquitoes (D:12)
  A mottled dragon (D:11)
  6 water moccasins
  2 hell hounds (Orc:2)
  7 porcupines
  Purgy (D:3)
  50 orc warriors
  5 necrophages
  4 sky beasts
  4 black bears
  9 phantoms
  5 ice beasts
  12 ogres
  8 wolves
  An eye of draining (D:11)
  4 centaurs
  The ghost of tobi the Shield-Bearer, an amateur HEFi of Okawaru (D:4)
  9 crocodiles
  A big kobold (D:11)
  16 giant frogs
  2 scorpions
  5 wights
  2 electric eels
  7 howler monkeys (D:7)
  4 crimson imps
  A quasit (D:11)
  A centaur zombie (D:5)
  4 hounds
  3 human zombies (D:7)
  3 jellies
  32 orc priests
  A wyvern simulacrum (D:9)
  3 giant frog skeletons
  Crazy Yiuf (D:4)
  38 orc wizards
  8 iguanas
  Jessica (D:3)
  Terence (D:3)
  8 worker ants
  5 sheep
  A centaur simulacrum (D:9)
  A giant frog simulacrum (D:9)
  2 hound skeletons
  3 mummies
  A howler monkey zombie (D:11)
  A worker ant zombie (D:6)
  9 gnolls
  14 adders
  50 river rats
  9 white imps
  10 ufetubi
  An adder zombie (D:8)
  An adder skeleton (D:5)
  4 dart slugs
  7 giant geckos
  121 orcs
  9 bats
  2 giant cockroaches
  16 goblins
  18 hobgoblins
  9 jackals
  A quokka (D:5)
  A ball python (D:4)
  5 giant newts
  21 kobolds
  A kobold zombie (D:5)
  3 orc zombies (D:5)
  4 quokka skeletons
  A quokka zombie (D:3)
  20 rats
  A fungus (D:10)
751 creatures vanquished.

Vanquished Creatures (collateral kills)
  A warg (Orc:2)
1 creature vanquished.

Vanquished Creatures (others)
  A white imp (IceCv)
  2 ufetubi (IceCv)
  An orc (Orc:2)
  2 fungi
  2 plants
8 creatures vanquished.

Grand Total: 760 creatures vanquished

Notes
Turn   | Place    | Note
--------------------------------------------------------------
     0 | D:1      | Krapule the Minotaur Fighter began the quest for the Orb.
     0 | D:1      | Reached XP level 1. HP: 19/19 MP: 0/0
   223 | D:1      | Reached XP level 2. HP: 27/27 MP: 1/1
   485 | D:1      | Reached skill level 4 in Shields
   876 | D:2      | Found an iron altar of Okawaru.
  1048 | D:2      | Reached XP level 3. HP: 22/33 MP: 2/2
  1857 | D:3      | Reached skill level 1 in Dodging
  1857 | D:3      | Reached XP level 4. HP: 18/40 MP: 3/3
  2172 | D:3      | Found a sacrificial altar of Ru.
  2179 | D:3      | Found a burning altar of Makhleb.
  2179 | D:3      | Found a snail-covered altar of Cheibriados.
  2185 | D:3      | Became a worshipper of Cheibriados the Contemplative
  2207 | D:3      | Noticed Purgy
  2223 | D:3      | Killed Purgy
  2223 | D:3      | Reached XP level 5. HP: 12/47 MP: 4/4
  2277 | D:3      | Noticed Terence
  2277 | D:3      | Reached skill level 5 in Shields
  2280 | D:3      | Killed Terence
  2724 | D:3      | Noticed Jessica
  2728 | D:3      | Killed Jessica
  2728 | D:3      | Reached XP level 6. HP: 53/53 MP: 5/5
  2828 | D:3      | Found a bloodstained altar of Trog.
  2843 | D:3      | Reached * piety under Cheibriados
  2989 | D:4      | Reached skill level 5 in Fighting
  2989 | D:4      | Reached skill level 5 in Armour
  2989 | D:4      | Reached skill level 1 in Invocations
  3221 | D:4      | Noticed tobi's ghost (amateur HEFi)
  3230 | D:4      | Reached XP level 7. HP: 53/61 MP: 7/7
  3237 | D:4      | Killed tobi's ghost
  3308 | D:4      | Found a shattered altar of Ashenzari.
  3414 | D:4      | Reached skill level 5 in Long Blades
  3421 | D:4      | Reached ** piety under Cheibriados
  3515 | D:4      | Noticed Crazy Yiuf
  3520 | D:4      | Killed Crazy Yiuf
  3669 | D:4      | Reached skill level 6 in Shields
  3807 | D:5      | Entered Level 5 of the Dungeon
  3904 | D:5      | Reached XP level 8. HP: 65/70 MP: 9/9
  4556 | D:6      | Found a white marble altar of Elyvilon.
  4582 | D:6      | Reached *** piety under Cheibriados
  4645 | D:6      | Found a staircase to the Ecumenical Temple.
  4670 | D:6      | Reached skill level 7 in Shields
  4727 | D:6      | Found a shadowy altar of Dithmenos.
  5319 | D:6      | Reached XP level 9. HP: 76/79 MP: 11/11
  5342 | D:7      | Reached **** piety under Cheibriados
  5797 | D:7      | Reached skill level 5 in Invocations
  5901 | D:7      | Reached ***** piety under Cheibriados
  6063 | D:7      | Noticed Joseph
  6071 | D:7      | Reached skill level 8 in Shields
  6077 | D:7      | Killed Joseph
  6256 | D:7      | Found an ancient bone altar of Kikubaaqudgha.
  6274 | D:7      | Reached XP level 10. HP: 84/90 MP: 13/13
  6831 | D:8      | Reached skill level 9 in Shields
  7686 | D:9      | Reached ****** piety under Cheibriados
  8444 | D:8      | Found an oddly glowing altar of Pakellas.
  8484 | D:10     | Entered Level 10 of the Dungeon
  8484 | D:10     | Noticed Grum
  8501 | D:10     | Killed Grum
  8625 | D:10     | Found Joepuac's Armour Boutique.
  8633 | D:10     | Bought a +0 pair of gloves for 67 gold pieces
  8793 | D:10     | Found Hocweob's Magic Scroll Shop.
  8797 | D:10     | Bought a scroll of remove curse for 39 gold pieces
  8797 | D:10     | Bought a scroll of identify for 26 gold pieces
  8797 | D:10     | Bought a scroll of identify for 26 gold pieces
  8797 | D:10     | Bought a scroll of identify for 26 gold pieces
  8864 | D:10     | Reached skill level 10 in Armour
  8933 | D:10     | Reached XP level 11. HP: 99/99 MP: 15/15
  8941 | D:10     | Found a staircase to the Lair.
  8950 | Lair:1   | Entered Level 1 of the Lair of Beasts
  9054 | D:10     | Reached skill level 10 in Shields
  9374 | D:10     | Found Samanuh's Antique Weapon Shoppe.
  9475 | D:11     | Found a stormy altar of Qazlal.
  9604 | D:11     | Reached skill level 10 in Fighting
  9761 | D:11     | Got a bloodstained scale mail
  9772 | D:11     | Identified the +1 scale mail "Liyqowk" {rPois} (You found it on level 11 of the Dungeon)
 10014 | D:11     | Reached skill level 10 in Long Blades
 10052 | D:11     | Noticed a brown ugly thing
 10064 | D:11     | Killed a brown ugly thing
 10961 | D:12     | Found a snail-covered altar of Cheibriados.
 11220 | D:12     | Reached skill level 11 in Shields
 11284 | D:12     | Found a roughly hewn altar of Beogh.
 11284 | D:12     | Found a staircase to the Orcish Mines.
 11335 | D:12     | Noticed a green ugly thing
 11335 | D:12     | Noticed a white ugly thing
 11348 | D:12     | Killed a red ugly thing
 11353 | D:12     | Killed a purple ugly thing
 11533 | D:12     | Noticed a cyan ugly thing
 11540 | D:12     | Killed a cyan ugly thing
 11594 | D:12     | Reached XP level 12. HP: 100/110 MP: 17/17
 11905 | D:13     | Noticed Snorg
 11939 | Orc:1    | Entered Level 1 of the Orcish Mines
 12070 | Lair:1   | Identified a +1 rod of shadows (10/10) (You found it on level 9 of the Dungeon)
 12692 | Orc:1    | Reached skill level 12 in Shields
 12775 | Orc:2    | Entered Level 2 of the Orcish Mines
 12825 | Orc:2    | Found a dark tunnel.
 12836 | Volcano  | Entered a volcano
 12918 | Volcano  | Paralysed by an orc sorcerer for 7 turns
 13226 | Orc:2    | Found a staircase to the Elven Halls.
 13269 | Orc:1    | Noticed an orc warlord
 13304 | Orc:2    | Noticed appiemonkey's ghost (journeyman MiFi)
 13338 | Orc:2    | Killed appiemonkey's ghost
 13338 | Orc:2    | Reached skill level 1 in Spellcasting
 13598 | Orc:2    | Found Vabbitas's Antique Weapon Shoppe.
 14065 | Orc:2    | Noticed an orc high priest
 14078 | Orc:2    | Killed an orc high priest
 14094 | Orc:2    | Paralysed by an orc sorcerer for 6 turns
 14099 | Orc:2    | Noticed an orc warlord
 14549 | Orc:2    | Reached XP level 13. HP: 111/119 MP: 19/19
 14616 | Orc:2    | Killed an orc warlord
 14616 | Orc:2    | Reached skill level 10 in Invocations
 15195 | Orc:2    | Reached skill level 13 in Shields
 15271 | Orc:2    | Paralysed by an orc sorcerer for 3 turns
 15677 | Orc:2    | Found Utsok's General Store.
 15678 | Orc:2    | Found Ojeiposk's Book Emporium.
 15681 | Orc:2    | Found Sigi's Antique Armour Shoppe.
 15681 | Orc:2    | Found Fajau's Antique Weapon Shoppe.
 15780 | Orc:2    | Bought a scroll of identify for 26 gold pieces
 15845 | Orc:2    | HP: 1/119 [orc warrior/glaive[an orc knight] (30)]
 16394 | Orc:2    | Killed an orc warlord
 16417 | Orc:2    | Paralysed by an orc sorcerer for 3 turns
 16826 | Lair:1   | Gained mutation: You are somewhat resistant to further mutation. [potion of beneficial mutation]
 19572 | Lair:4   | Reached XP level 14. HP: 129/129 MP: 21/21
 20469 | Lair:5   | Reached skill level 14 in Shields
 20519 | Lair:5   | Found a frozen archway.
 20535 | IceCv    | Entered an ice cave
 21105 | IceCv    | Engulfed by a cloud of freezing vapour

Skill      XL: |  1  2  3  4  5  6  7  8  9 10 11 12 13 14 |
---------------+-------------------------------------------+-----
Shields        | 4 5 6 7 8 9 11 12 13 14 | 14.1
Long Blades    | 3 4 5 6 8 9 10 | 10.0
Fighting       | 4 5 6 7 8 9 11 12 13 | 13.9
Armour         | 4 5 6 7 8 10 11 12 13 | 13.7
Dodging        | 1 2 |  2.0
Invocations    | 1 2 4 5 7 8 9 10 11 | 11.2
Spellcasting   | 2 4 |  4.6

Action                   |  1- 3 |  4- 6 |  7- 9 | 10-12 | 13-15 || total
-------------------------+-------+-------+-------+-------+-------++-------
Melee: Long sword        |   102 |   111 |   343 |   876 |   645 ||  2077
       Headbutt          |     9 |    18 |   118 |   329 |   266 ||   740
Invok: Slouch            |       |       |       |     2 |     5 ||     7
       Step From Time    |       |       |       |       |     2 ||     2
  Use: Potion            |       |     1 |       |       |     3 ||     4
       Scroll            |       |     2 |     4 |    17 |     4 ||    27
 Stab: Distracted        |       |       |       |     2 |     1 ||     3
  Eat: Chunk             |     2 |     5 |     6 |    17 |    13 ||    43
       Bread ration      |       |       |       |     1 |       ||     1
       Fruit             |       |       |       |     1 |       ||     1
Armor: Scale mail        |    39 |    49 |    14 |    10 |       ||   112
       Plate armour      |       |       |   134 |   375 |   220 ||   729
Dodge: Dodged            |    33 |    33 |    80 |   223 |   143 ||   512
Block: Shield            |    50 |    63 |   225 |   695 |   598 ||  1631
